 Dungeon Crawl Stone Soup version 0.19.3-4-gbf9329e (console) character file.

420 Kloppie the Skirmisher (level 6, -5/40 HPs)
             Began as a Gargoyle Fighter on Jan 29, 2017.
             Slain by an ogre
             ... wielding a +0 giant spiked club
              (14 damage)
             ... on level 5 of the Dungeon.
             The game lasted 00:03:14 (2997 turns).

Kloppie the Skirmisher (Gargoyle Fighter)           Turns: 2997, Time: 00:03:15

Health: -5/40      AC: 15    Str: 19    XL:     6   Next: 94%
Magic:  6/6        EV:  3    Int:  9    God:
Gold:   202        SH: 10    Dex: 11    Spells: 0 memorised, 5 levels left

rFire  . . .     SeeInvis .     a - +0 war axe
rCold  . . .     Gourm    .     g - +0 plate armour
rNeg   + . .     Faith    .     c - +0 shield
rPois  ∞         Spirit   .     (no helmet)
rElec  +         Reflect  .     (no cloak)
rCorr  .         Harm     .     (no gloves)
MR     .....                    (no boots)
Stlth  ..........               (no amulet)
                                (no ring)
                                (no ring)

@: no status effects
A: negative energy resistance 1, electricity resistance, unbreathing,
petrification resistance, rot immunity, AC +4
a: no special abilities


You were on level 5 of the Dungeon.
You were not hungry.

You visited 1 branch of the dungeon, and saw 5 of its levels.

You collected 202 gold pieces.

Inventory:

Hand Weapons
 a - a +0 war axe (weapon)
Armour
 c - a +0 shield (worn)
 g - a +0 plate armour (worn)
Jewellery
 q - a +3 ring of protection {unknown}
Scrolls
 b - 3 scrolls of fear {unknown}
 h - 4 scrolls of identify {unknown}
 n - 2 scrolls of magic mapping {unknown}
 p - 3 scrolls of teleportation {unknown}
 r - a scroll of fog {unknown}
 u - a scroll of random uselessness {unknown}
 w - a scroll of remove curse {unknown}
 y - a scroll of enchant armour {unknown}
Potions
 d - a potion of might
 e - a potion of curing {unknown}
 i - 2 potions of brilliance {unknown}
 j - 2 potions of flight {unknown}
 k - a potion of mutation {unknown}
 l - 3 potions of agility {unknown}
 x - a potion of lignification {unknown}
Books
 m - a book of Minor Magic

   Spells                             Type                      Level
   a - Magic Dart                     Conjuration                  1
   b - Blink                          Translocation                2
   c - Call Imp                       Summoning                    2
   d - Repel Missiles                 Charms/Air                   2
   e - Slow                           Hexes                        2
   f - Conjure Flame                  Conjuration/Fire             3
   g - Mephitic Cloud                 Conjuration/Poison/Air       3
Comestibles
 f - 2 bread rations
 o - 2 fruits
 s - 2 chunks of flesh
 t - 2 meat rations
 v - a royal jelly
 z - a slice of pizza


   Skills:
 - Level 5.6 Fighting
 + Level 3.8 Axes
 - Level 3.2 Armour
 * Level 5.4 Shields


You had 5 spell levels left.
You didn't know any spells.

Dungeon Overview and Level Annotations

Branches:
Dungeon (5/15)
 Temple: D:4-7

Altars:
Nemelex Xobeh
Xom


Innate Abilities, Weirdness & Mutations

You are resistant to torment.
Your stone body is resilient. (AC +4)
You are immune to poison.
You resist negative energy. (rN+)
You are resistant to electric shocks. (rElec)
You can survive without breathing.
You are immune to petrification.
You are immune to rotting.


Message History

Found 25 stones and a silvery potion.
Found a bread ration.
Your plate armour prevents you from hitting the ogre.
You block the ogre's attack.
You slash the ogre!
The ogre is moderately wounded.
The ogre hits you with a giant spiked club!!
Ouch! That really hurt!
* * * LOW HITPOINT WARNING * * *
You block the ogre's attack.
You are too injured to fight recklessly!
You are too injured to fight recklessly!
You hit the ogre but do no damage.
The ogre is moderately wounded.
The ogre hits you with a giant spiked club!
* * * LOW HITPOINT WARNING * * *
You slash the ogre!
The ogre is severely wounded.
The ogre hits you with a giant spiked club!
You die...

.#############
.......<.....#
#######.####.#
#.# %#
#.####.#
#......#
#####..# #@.#
#O.# #(.# #..#
#!.# #..# #..#
#..#


You could see an ogre.

Vanquished Creatures
  The ghost of topkek the Skirmisher, an amateur DsFi (D:4)
  A bullfrog (D:4)
  2 howler monkeys (D:4)
  A centaur skeleton (D:4)
  An iguana (D:4)
  6 adders
  3 worms
  3 dart slugs
  2 leopard geckos
  6 orcs (D:3)
  3 ball pythons
  5 bats
  5 giant cockroaches
  3 goblins
  4 hobgoblins
  10 jackals
  2 quokkas
  3 frilled lizards (D:2)
  5 kobolds
  A leopard gecko skeleton (D:4)
  7 rats
74 creatures vanquished.

Notes
Turn   | Place    | Note
-------+----------+-------------------------------------------
     0 | D:1      | Kloppie the Gargoyle Fighter began the quest for the Orb.
     0 | D:1      | Reached XP level 1. HP: 14/14 MP: 1/1
   169 | D:1      | Reached XP level 2. HP: 20/20 MP: 2/2
   328 | D:1      | Reached XP level 3. HP: 22/24 MP: 3/3
   790 | D:2      | Found a shimmering altar of Xom.
   916 | D:2      | Reached XP level 4. HP: 29/30 MP: 4/4
  1076 | D:2      | Reached skill level 5 in Fighting
  1510 | D:3      | Reached XP level 5. HP: 34/35 MP: 5/5
  2190 | D:4      | Found a sparkling altar of Nemelex Xobeh.
  2289 | D:4      | Noticed topkek's ghost (amateur DsFi)
  2297 | D:4      | Killed topkek's ghost
  2297 | D:4      | Reached XP level 6. HP: 38/40 MP: 6/6
  2491 | D:4      | Reached skill level 5 in Shields
  2985 | D:5      | Entered Level 5 of the Dungeon
  2997 | D:5      | Slain by an ogre

Skill      XL: |  1  2  3  4  5  6 |
---------------+-------------------+-----
Axes           | 2 3 |  3.8
Fighting       | 4 5 |  5.6
Shields        | 4 5 |  5.4
Armour         | |  3.2

Action                   |  1- 3 |  4- 6 || total
-------------------------+-------+-------++-------
Melee: War axe           |   112 |   181 ||   293
  Use: Potion            |       |     1 ||     1
  Eat: Chunk             |       |     7 ||     7
Armor: Scale mail        |     7 |       ||     7
       Chain mail        |    77 |    91 ||   168
       Plate armour      |       |    39 ||    39
Dodge: Dodged            |    35 |    35 ||    70
Block: Shield            |    80 |    86 ||   166
